 Dungeon Crawl Stone Soup version 0.31-a0-435-g2c6fae2916 (webtiles) character file.

Game seed: 18231446573676120614

947 nono the Covert (level 8, -12/42 HPs)
             Began as a Vine Stalker Delver on Aug 1, 2023.
             Was a Believer of Uskayaw.
             Mangled by Maggie
             ... wielding a +0 glaive of flaming
              (14 damage)
             ... on level 6 of the Dungeon.
             The game lasted 00:11:55 (4881 turns).

nono the Covert (Vine Stalker Delver)               Turns: 4881, Time: 00:11:56

Health: -12/42     AC:  8    Str: 17    XL:     8   Next: 13%
Magic:  0/18       EV: 11    Int: 10    God:    Uskayaw [**....]
Gold:   264        SH:  0    Dex: 16    Spells: 7/7 levels left

rFire   . . .        i - +5 short sword
rCold   . . .        (no shield)
rNeg    . . .        C - +0 ring mail
rPois   .            (no helmet)
rElec   .            x - +0 cloak
rCorr   .            l - +0 pair of gloves
SInv    .            (no boots)
Will    +....        (no amulet)
Stlth   +++          o - ring of magical power
HPRegen 1.07/turn    (no ring)
MPRegen 0.16/turn

%: guardian spirit
@: mesmerised
A: fangs 3, regeneration 1, magic shield, antimagic bite, no potion heal 2
a: Renounce Religion, Stomp, Line Pass


You were on level 6 of the Dungeon.
You worshipped Uskayaw.
Uskayaw was noncommittal.
You visited 2 branches of the dungeon, and saw 7 of its levels.

You collected 264 gold pieces.

Inventory:

Hand Weapons
 a - a +0 short sword
 i - a +5 short sword (weapon)
 k - the +6 whip of the Hummingbird {freeze, Str+6}
   (You found it on level 3 of the Dungeon)

   Str:       It affects your strength (+6).
Missiles
 y - a throwing net
Armour
 b - a +0 leather armour
 l - a +0 pair of gloves (worn)
 x - a +0 cloak (worn)
 C - a +0 ring mail (worn)
Jewellery
 o - a ring of magical power (left hand)
Talismans
 A - a maw talisman
Wands
 g - a wand of digging (3)
Scrolls
 c - a scroll of fog
 d - 2 scrolls of revelation
 e - 3 scrolls of fear
 m - 2 scrolls of enchant weapon {unknown}
 q - 4 scrolls of identify {unknown}
 t - 3 scrolls of teleportation {unknown}
 u - a scroll of silence {unknown}
 w - 2 scrolls of noise {unknown}
Potions
 f - a potion of haste
 h - 2 potions of curing
 j - 2 potions of enlightenment {unknown}
 n - a potion of resistance {unknown}
 p - a potion of might {unknown}
 r - a potion of ambrosia {unknown}
 s - a potion of cancellation {unknown}
 v - a potion of heal wounds {unknown}
 z - a potion of attraction {unknown}
 B - a potion of degeneration {unknown}


   Skills:
 + Level 4.9 Fighting
 + Level 4.5 Short Blades
 + Level 3.3 Armour
 - Level 1.8 Dodging
 + Level 8.4 Stealth


You had 7 spell levels left.
You didn't know any spells.
Your spell library contained the following spells:

 Spells                   Type           Power      Damage    Failure   Level
 Poisonous Vapours        Pois/Air       0%         N/A       71%         2
 Mephitic Cloud           Conj/Pois/Air  0%         N/A       90%         3
 Freezing Cloud           Conj/Ice/Air   0%         6-21      100%        5


Dungeon Overview and Level Annotations

Branches:
Dungeon (6/15)             Temple (1/1) D:5

Altars:
Cheibriados
Dithmenos
Elyvilon
Fedhas
Gozag
Nemelex Xobeh
Okawaru
Qazlal
Sif Muna
Trog
Uskayaw
Vehumet
Wu Jian
Xom
Yredelemnul
Zin
The Shining One

Annotations:
D:6 Maggie


Innate Abilities, Weirdness & Mutations

You have razor-sharp teeth.
Your natural rate of healing is unusually fast.
When hurt, damage is shared between your health and your magic reserves.
Your bite disrupts and absorbs the magic of your enemies.
Potions cannot restore your health.


Message History

Maggie mumbles some strange words.
Maggie attempts to bespell you!
You easily resist.
You closely miss Maggie.
Maggie is heavily wounded.
Maggie casts a spell.
Maggie attempts to bespell you!
You are mesmerised by Maggie!
You hit Maggie but do no damage.
Maggie is heavily wounded.
You barely miss Maggie.
Maggie is heavily wounded.
Maggie hits you with a +0 glaive of flaming!!
Maggie burns you.
The white imp hits you but does no damage.
You hit Maggie. You bite Maggie, but do no damage.
Maggie is severely wounded.
Maggie gestures wildly while chanting.
Maggie draws you further into her thrall.
The white imp hits you. The white imp freezes you.
You can now pass through a line of other dancers.
You closely miss Maggie.
Maggie is severely wounded.
The white imp gestures at you. The puff of frost hits you!
Maggie hits you but does no damage.
You hit Maggie. Your bite misses Maggie.
Maggie is severely wounded.
You hit Maggie. You bite Maggie, but do no damage.
Maggie is severely wounded.
Maggie gestures at you while chanting. The bolt of fire hits you!!
* * * LOW HITPOINT WARNING * * *
The white imp closely misses you.
You hit Maggie.
Maggie is severely wounded.
The white imp gestures at you. The puff of frost hits you!
* * * LOW HITPOINT WARNING * * *
Maggie says, "If you die in the Dungeon, but nobody's around to see it, does it really matter?"
Maggie hits you with a +0 glaive of flaming!
You die...

.. .. #. #.#
#.#### #.
....#....# #
#######†
..#.#..#.#.#
#.......
.......#<#.#
#.#...#.
........##.#
#...#.
...........#
........
###.###....#
###..... #
##@..#
#.....
#@5.....!
#.....
#....###.
#.....
.....#
#Y....
.....#
####..
......#
......#
.....(.# # #


You could see Maggie (mesmerising) and a white imp.

Vanquished Creatures
  Menkaure (D:5)
  2 ice beasts
  A sky beast (D:6)
  An ogre (D:4)
  A phantom (D:6)
  4 killer bees (D:6)
  Crazy Yiuf (D:2)
  An iguana (D:4)
  An orc wizard (D:5)
  3 adders
  A white imp (D:6)
  3 worms (D:3)
  A dart slug (D:5)
  13 orcs
  6 ball pythons
  6 bats
  7 endoplasms
  7 giant cockroaches
  7 goblins
  3 hobgoblins
  3 kobolds
  3 quokkas
  3 frilled lizards
  6 rats
85 creatures vanquished.

Vanquished Creatures (others)
  An orc wizard (D:5)
1 creature vanquished.

Grand Total: 86 creatures vanquished

Notes
Turn   | Place    | Note
-------+----------+-------------------------------------------
     0 | D:5      | nono the Vine Stalker Delver began the quest for the Orb.
     0 | D:5      | Reached XP level 1. HP: 11/11 MP: 2/2
   185 | D:4      | Noticed an iguana
   278 | D:4      | Noticed an ogre
   650 | D:3      | Reached XP level 2. HP: 16/16 MP: 3/3
   662 | D:3      | Identified the +6 whip of the Hummingbird {freeze, Str+6}
  1369 | D:2      | Reached XP level 3. HP: 20/20 MP: 4/4
  1395 | D:2      | Found a runed translucent door.
  1396 | D:2      | Noticed Crazy Yiuf
  1519 | D:2      | Found a faded altar of an unknown god.
  2096 | D:1      | Gained mutation: Your natural rate of healing is unusually
                  | fast. [Vine Stalker growth]
  2096 | D:1      | Reached XP level 4. HP: 24/24 MP: 5/5
  2647 | D:2      | Killed Crazy Yiuf
  2648 | D:2      | Reached skill level 1 in Armour
  2892 | D:3      | Reached XP level 5. HP: 26/28 MP: 6/6
  3423 | D:4      | Killed an ogre
  3424 | D:4      | Reached skill level 7 in Stealth
  3424 | D:4      | Reached XP level 6. HP: 27/33 MP: 7/7
  3630 | D:5      | Noticed an ice beast
  3647 | D:5      | Killed an ice beast
  3690 | D:5      | Noticed Menkaure
  3704 | D:5      | Killed Menkaure
  3705 | D:5      | Reached XP level 7. HP: 16/37 MP: 6/8
  3798 | D:5      | Found a staircase to the Ecumenical Temple.
  3807 | Temple   | Entered the Ecumenical Temple
  3858 | Temple   | Became a worshipper of Uskayaw the Reveller
  4626 | D:6      | Reached * piety under Uskayaw
  4636 | D:6      | Reached ** piety under Uskayaw
  4653 | D:6      | Reached *** piety under Uskayaw
  4710 | D:6      | Reached skill level 8 in Stealth
  4718 | D:6      | Reached **** piety under Uskayaw
  4721 | D:6      | Reached ***** piety under Uskayaw
  4722 | D:6      | Gained mutation: You have razor-sharp teeth. [Vine Stalker
                  | growth]
  4722 | D:6      | Reached XP level 8. HP: 23/42 MP: 9/9
  4869 | D:6      | Noticed Maggie
  4881 | D:6      | HP: 2/42 [white imp/puff of frost (8)]
  4881 | D:6      | Mangled by Maggie

Illustrated notes

Levels and vault maps discovered:
D:1:      ncdulo_halloftheorcs, layout_rooms
D:2:      layout_basic, hellmonk_ecumenical_altar_pennies_from_heaven,
          minmay_misc_feat_enclosed, uniq_crazy_yiuf_cottage
D:3:      layout_basic, cheibrodos_sewer_entry_bend, corexii_leaking_fountain,
          chequers_serial_rivers_micro_b
D:4:      layout_basic, minmay_liquid_box
D:5:      layout_cave_pods, minmay_temple_entry_ruins,
          nicolae_concentric_dashed_squares_mild, uniq_menkaure
D:6:      layout_basic, uniq_maggie
Temple:   bh_familiar_temple

Skill      XL: |  1  2  3  4  5  6  7 |
---------------+----------------------+-----
Short Blades   | 2 3 4 |  4.5
Fighting       | 3 4 |  4.9
Armour         | 1 2 3 |  3.3
Stealth        | 7 8 |  8.4
Dodging        | |  1.8

Action                     |  1- 3 |  4- 6 |  7- 9 || total
---------------------------+-------+-------+-------++-------
  Melee: Short sword       |    76 |   100 |    77 ||   253
         Bite              |    13 |    30 |    21 ||    64
         Punch             |       |     1 |       ||     1
    Use: Potion            |     1 |       |       ||     1
   Stab: Sleeping          |    17 |     3 |     1 ||    21
         Distracted        |     1 |     2 |       ||     3
         Paralysed         |       |       |     3 ||     3
 Armour: Leather armour    |    18 |    17 |    17 ||    52
         Ring mail         |       |       |     2 ||     2
  Dodge: Dodged            |    34 |    31 |    35 ||   100

Table legend: (Time is in decaauts)
 A = Elapsed time spent in this place.
 B = Non-inter-level travel time spent in this place.
 C = Inter-level travel time spent in this place.
 D = Time resting spent in this place.
 E = Time spent auto-exploring this place.
 F = Levels seen in this place.
 G = Mean time per level.
                   A        B        C        D        E       F      G
               +--------+--------+--------+--------+--------+-----+--------+
         Total |   4853 |   4160 |    693 |      0 |   3127 |   7 |  693.3 |
       Dungeon |   4791 |   4151 |    640 |      0 |   3127 |   6 |  798.5 |
        Temple |     61 |      8 |     53 |      0 |      0 |   1 |   61.0 |
               +--------+--------+--------+--------+--------+-----+--------+

Top non-repeatable levels by time:
     D:3: 1221 daAuts
     D:2: 1184 daAuts
     D:5: 979 daAuts
     D:4: 775 daAuts
     D:1: 403 daAuts
     D:6: 226 daAuts
  Temple: 61 daAuts
